 Dungeon Crawl Stone Soup version 0.26-a0-707-g31817bcca1 (webtiles) character file.

Game seed: 15078481524647543921

479 Decritt the Chopper (level 6, -1/56 HPs)
             Began as a Minotaur Fighter on Oct 26, 2020.
             Slain by Duvessa
             ... wielding a +0 rapier
              (9 damage)
             ... on level 5 of the Dungeon.
             The game lasted 00:09:05 (3853 turns).

Decritt the Chopper (Minotaur Fighter)              Turns: 3853, Time: 00:09:06

Health: -1/56      AC: 11    Str: 23    XL:     6   Next: 86%
Magic:  5/5        EV:  4    Int:  5    God:
Gold:   252        SH: 15    Dex:  9    Spells: 5/5 levels left

rFire    . . .     SeeInvis .   a - +0 war axe
rCold    . . .     Faith    .   l - +0 tower shield
rNeg     + . .     Spirit   .   w - +0 chain mail
rPois    .         Reflect  .   (helmet restricted)
rElec    .         Harm     .   (no cloak)
rCorr    +         Rampage  .   (no gloves)
MR       .....                  h - +0 pair of boots
Stlth    ..........             A - amulet of regeneration
HPRegen  0.58/turn              i - ring of positive energy
MPRegen  0.09/turn              x - ring of resist corrosion

@: lethally poisoned (-1 -> -1)
A: retaliatory headbutt, horns 2
a: no special abilities


You were on level 5 of the Dungeon.
You visited 1 branch of the dungeon, and saw 5 of its levels.
You also visited: Ossuary.

You collected 252 gold pieces.

Inventory:

Hand Weapons
 a - a +0 war axe (weapon)
Armour
 h - a +0 pair of boots (worn)
 l - a +0 tower shield (worn)
 w - a +0 chain mail (worn)
Jewellery
 i - a ring of positive energy (left hand)
 n - an uncursed amulet of guardian spirit
 x - a ring of resist corrosion (right hand)
 A - an amulet of regeneration (around neck)
Wands
 y - a wand of acid (12)
Scrolls
 c - a scroll of magic mapping {unknown}
 j - 4 scrolls of teleportation
 o - a scroll of amnesia {unknown}
 p - 2 scrolls of fog {unknown}
 q - 2 scrolls of enchant armour
 r - a scroll of identify
 t - 2 scrolls of remove curse
 z - 2 scrolls of enchant weapon {unknown}
 B - a scroll of random uselessness {unknown}
Potions
 b - a potion of resistance {unknown}
 d - 2 potions of might
 e - a potion of haste {unknown}
 f - 4 potions of curing
 g - a potion of brilliance {unknown}
 k - 5 potions of flight
 m - a potion of lignification {unknown}
 s - a potion of invisibility {unknown}
 u - 2 potions of mutation
 v - a potion of degeneration {unknown}


   Skills:
 + Level 5.1 Fighting
 * Level 5.8 Axes
 * Level 5.5 Armour
 + Level 5.2 Shields


You had 5 spell levels left.
You didn't know any spells.
Your spell library was empty.

Dungeon Overview and Level Annotations

Branches:
Dungeon (5/15)            Ossuary (visited)
 Temple: D:4-7

Altars:
Ashenzari

Shops:
D:4 *

Annotations:
D:4 2 transporters, Tegun's ghost, amateur DsWn
D:5 Duvessa


Innate Abilities, Weirdness & Mutations

You reflexively headbutt those who attack you in melee.
You have a pair of horns on your head.


Message History

a +5 dagger of venom; a +0 robe Your shield and chain mail prevent you from hitting Duvessa.
You headbutt Duvessa!
Duvessa is severely wounded.
You feel sick. You block Duvessa's attack. x2
Your shield and chain mail prevent you from hitting Duvessa.
Duvessa is severely wounded.
You feel sick. Duvessa closely misses you. You furiously retaliate!
You headbutt Duvessa, but do no damage. Duvessa hits you but does no damage.
You barely miss Duvessa. You headbutt Duvessa, but do no damage.
Duvessa is severely wounded.
You feel sick. Duvessa hits you but does no damage.
You barely miss Duvessa.
Duvessa is severely wounded.
You feel sick. You block Duvessa's attack. x2
Unknown command.
You closely miss Duvessa. Your headbutt misses Duvessa.
Duvessa is severely wounded.
You feel sick. You block Duvessa's attack. Duvessa hits you with a +0 rapier!
You die...

.^≈P≈P..# ........#
######## ≈^≈PP≈..#
......########P≈..# .
............####.#
..###...........<.#.#
....................#
..##...e............#
.......@............#
[...#...............#
...................##
#...##............##
... ##.........### 8.
#...>.....# .
#.........#
#.........#
#?........#


You could see Duvessa (berserk).

Vanquished Creatures
  A phantom (D:5)
  Dowan (D:5)
  A howler monkey (D:4)
  A hound (D:4)
  An orc wizard (D:4)
  2 worker ants (D:4)
  4 gnolls (D:2)
  5 adders
  A white imp (D:5)
  An adder skeleton (D:4)
  2 dart slugs (D:2)
  4 leopard geckos
  6 orcs
  A ball python (D:1)
  3 giant cockroaches
  5 goblins (D:1)
  12 hobgoblins
  12 jackals
  9 kobolds
  A quokka (D:3)
  5 bats
  5 frilled lizards
  A hobgoblin zombie (Ossuary)
  A quokka zombie (D:5)
  6 rats
  A rat zombie (Ossuary)
92 creatures vanquished.

Notes
Turn   | Place    | Note
-------+----------+-------------------------------------------
     0 | D:1      | Decritt the Minotaur Fighter began the quest for the Orb.
     0 | D:1      | Reached XP level 1. HP: 19/19 MP: 0/0
   112 | D:1      | Found a broken altar of Ashenzari.
   151 | D:1      | Reached XP level 2. HP: 27/27 MP: 1/1
   617 | D:1      | Reached XP level 3. HP: 33/33 MP: 2/2
   936 | D:2      | Reached XP level 4. HP: 25/40 MP: 3/3
  2566 | D:4      | Reached XP level 5. HP: 47/47 MP: 4/4
  2723 | D:4      | Found a transporter.
  2727 | D:4      | Found a transporter.
  2727 | D:4      | Noticed a centaur
  2729 | D:4      | Noticed Tegun's ghost (amateur DsWn)
  2863 | D:4      | Found Keoleapn's Mass Market.
  2947 | D:4      | Found a sand-covered staircase.
  2982 | D:4      | Reached skill level 5 in Axes
  2992 | Ossuary  | Entered an ossuary
  3022 | D:4      | Reached XP level 6. HP: 55/55 MP: 5/5
  3405 | D:4      | Reached skill level 5 in Armour
  3405 | D:4      | Reached skill level 5 in Shields
  3762 | D:5      | Entered Level 5 of the Dungeon
  3777 | D:5      | Reached skill level 5 in Fighting
  3832 | D:5      | Noticed Dowan
  3833 | D:5      | Noticed Duvessa
  3847 | D:5      | Killed Dowan
  3853 | D:5      | Slain by Duvessa

Illustrated notes

Levels and vault maps discovered:
D:1:      lemuel_arrival_rhombus, layout_loops_ring,
          nicolae_ashenzari_panopticon
D:2:      layout_rooms, minmay_stone_trees_small, st_stairs_12
D:3:      layout_loops_ring
D:4:      layout_layer_cave, gammafunk_ghost_arena,
          nicolae_ossuary_entry_monument, minmay_shop_mass
D:5:      kennysheep_steamy, layout_rooms, temple_hall, trog_eyes_of_draining,
          uniq_eustachio, uniq_duvessa, uniq_blork_the_orc

Skill      XL: |  1  2  3  4  5  6 |
---------------+-------------------+-----
Axes           | 3 4 5 |  5.8
Fighting       | 4 5 |  5.1
Armour         | 4 5 |  5.5
Shields        | 4 5 |  5.2

Action                   |  1- 3 |  4- 6 || total
-------------------------+-------+-------++-------
Melee: War axe           |   106 |   154 ||   260
       Headbutt          |    13 |    32 ||    45
  Use: Scroll            |       |     6 ||     6
Armor: Scale mail        |    52 |    27 ||    79
       Chain mail        |       |    36 ||    36
Dodge: Dodged            |    30 |    20 ||    50
Block: Kite shield       |    38 |       ||    38
       Tower shield      |    23 |   151 ||   174

Table legend: (Time is in decaauts)
 A = Elapsed time spent in this place.
 B = Non-inter-level travel time spent in this place.
 C = Inter-level travel time spent in this place.
 D = Time resting spent in this place.
 E = Time spent auto-exploring this place.
 F = Levels seen in this place.
 G = Mean time per level.
                   A        B        C        D        E       F      G
               +--------+--------+--------+--------+--------+-----+--------+
         Total |   3961 |   3885 |     76 |    343 |   2817 |   6 |  660.2 |
       Dungeon |   3934 |   3858 |     76 |    343 |   2817 |   5 |  786.8 |
       Ossuary |     26 |     26 |      0 |      0 |      0 |   1 |   26.0 |
               +--------+--------+--------+--------+--------+-----+--------+

Top non-repeatable levels by time:
     D:4: 1271 daAuts
     D:1: 919 daAuts
     D:2: 823 daAuts
     D:3: 816 daAuts
     D:5: 104 daAuts
 Ossuary: 26 daAuts
